AoeStats
← A Casa Gordito

Arena

509885695Analyzed
4v4 RM · 4d ago on Sep 28, 2026· 60m 26s· 8 players
Game mode
Random Map
Map size
Large (8 player)
Population
200
Speed
Normal
Resources
Standard
Victory
Conquest
Starting age
Dark Age
Ending age
Imperial Age
RankedLock teamsTeams togetherTeam positionsShared explorationLock speedFull tech treeHidden civsTurbo modeCheats
Victory
Defeat
🇺🇾 Franks · Uruguay
1052
+13
🇺🇾 Lithuanians · Uruguay
1018
+14
🇺🇾 Byzantines · Uruguay
1018
+14
🇮🇳 Khmer · India
921
+19
🇨🇳 Khmer · China
996
-16
🇨🇳 Britons · China
991
-15
🇪🇸 Huns · Spain
981
-23
🇻🇳 Franks · Vietnam
967
-14
Frank9112750
12:23 Feudal Age
15:22 Double-Bit Axe
15:39 Horse Collar
15:54 Gold Mining
18:11 Castle Age
16:25 Scale Barding Armor
17:39 Forging
19:38 Chain Barding Armor
19:40 Bloodlines
20:05 Heavy Plow
21:03 Husbandry
21:53 Marauders
22:43 Iron Casting
33:52 Bow Saw
34:46 Wheelbarrow
38:38 Imperial Age
36:34 Hand Cart
38:19 Gold Shaft Mining
38:53 Elite Tarkan
39:55 Conscription
41:16 Chemistry
43:13 Plate Barding Armor
43:38 Blast Furnace
派大宝
11:02 Feudal Age
15:48 Castle Age
17:52 Loom
18:02 Double-Bit Axe
18:14 Horse Collar
24:05 Wheelbarrow
27:25 Crossbowman
28:29 Ballistics
31:21 Imperial Age
28:58 Fletching
29:24 Gold Mining
29:47 Bow Saw
30:17 Hand Cart
30:43 Bodkin Arrow
30:49 Padded Archer Armor
30:18 Pikeman
30:59 Squires
30:55 Treadmill Crane
31:08 Arson
31:24 Town Watch
32:28 Gold Shaft Mining
31:46 Stone Mining
32:06 Heavy Plow
32:30 Town Patrol
33:24 Conscription
33:51 Bracer
34:28 Leather Archer Armor
34:24 Forging
34:15 Scale Mail Armor
35:19 Chemistry
35:28 Two-Man Saw
34:29 Arbalester
38:07 Yeomen
37:18 Halberdier
37:45 Gambesons
38:43 Ring Archer Armor
38:49 Iron Casting
38:29 Chain Mail Armor
40:39 Siege Engineers
43:53 Warwolf
47:25 Blast Furnace
46:56 Plate Mail Armor
huythanchau
0:53 Loom
10:33 Feudal Age
15:46 Castle Age
23:41 Husbandry
25:52 Double-Bit Axe
27:03 Scale Barding Armor
28:42 Wheelbarrow
29:43 Bow Saw
30:22 Gold Mining
30:55 Hand Cart
32:02 Gold Shaft Mining
31:50 Chain Barding Armor
36:10 Imperial Age
34:49 Fletching
35:00 Padded Archer Armor
36:18 Bodkin Arrow
36:39 Leather Archer Armor
38:24 Crossbowman
38:37 Elite Skirmisher
41:26 Forging
44:54 Chemistry
49:31 Cavalier
50:48 Plate Barding Armor
50:50 Iron Casting
死道友不死贫道
10:39 Feudal Age
15:49 Castle Age
14:11 Horse Collar
14:36 Double-Bit Axe
15:33 Horse Collar
23:07 Heavy Plow
29:15 Imperial Age
26:47 Gold Mining
26:52 Stone Mining
27:31 Bow Saw
28:33 Gold Shaft Mining
28:36 Stone Shaft Mining
28:19 Loom
30:30 Town Watch
31:21 Wheelbarrow
31:20 Conscription
31:03 Fletching
31:13 Padded Archer Armor
31:41 Ballistics
32:22 Chemistry
31:59 Crop Rotation
31:20 Elite Ballista Elephant
32:06 Double Crossbow
32:12 Husbandry
32:23 Bloodlines
33:44 Parthian Tactics
33:19 Bodkin Arrow
33:39 Leather Archer Armor
33:59 Town Patrol
34:17 Hand Cart
34:50 Bracer
35:43 Light Cavalry
38:31 Hussar
40:04 Forging
39:59 Scale Barding Armor
41:30 Iron Casting
60:16 Fortified Wall
Vincun
11:32 Feudal Age
13:29 Loom
16:47 Castle Age
22:04 Horse Collar
22:15 Double-Bit Axe
23:07 Heavy Plow
23:57 Bow Saw
24:33 Gold Mining
26:18 Husbandry
26:30 Bloodlines
27:07 Stone Mining
29:21 Wheelbarrow
32:36 Imperial Age
32:06 Hand Cart
32:02 Scale Barding Armor
31:53 Fletching
32:18 Forging
33:08 Chain Barding Armor
33:00 Cavalier
33:43 Squires
33:04 Pikeman
34:23 Conscription
35:17 Stone Shaft Mining
35:15 Crop Rotation
35:47 Two-Man Saw
36:28 Bodkin Arrow
37:09 Iron Casting
37:11 Plate Barding Armor
36:38 Scale Mail Armor
40:27 Light Cavalry
41:20 Winged Hussar
42:36 Onager
42:41 Halberdier
46:09 Bracer
46:25 Chain Mail Armor
46:11 Padded Archer Armor
50:27 Leather Archer Armor
A Casa Gordito
11:22 Feudal Age
16:10 Castle Age
14:02 Double-Bit Axe
15:48 Gold Mining
17:14 Bow Saw
22:37 Wheelbarrow
25:20 Hand Cart
26:30 Gold Shaft Mining
26:31 Scale Barding Armor
26:36 Forging
26:28 Stone Mining
27:07 Loom
29:17 Scale Mail Armor
29:52 Iron Casting
30:28 Chain Mail Armor
38:48 Imperial Age
38:03 Town Watch
39:04 Chain Barding Armor
40:23 Plate Barding Armor
40:51 Blast Furnace
40:21 Plate Mail Armor
40:26 Plate Barding Armor
40:13 Conscription
40:14 Town Patrol
40:41 Husbandry
40:01 Cavalier
41:53 Chivalry
42:34 Paladin
43:45 Elite Throwing Axeman
50:32 Ballistics
57:34 Light Cavalry
Danubio Futbol Club
5:12 Loom
10:55 Feudal Age
15:05 Castle Age
12:53 Horse Collar
13:00 Double-Bit Axe
28:50 Imperial Age
28:47 Forging
28:33 Pikeman
30:40 Iron Casting
30:05 Scale Mail Armor
31:23 Halberdier
33:54 Chain Mail Armor
33:55 Squires
37:05 Plate Mail Armor
37:38 Wheelbarrow
38:32 Chemistry
38:47 Conscription
41:05 Fortified Wall
41:16 Ballistics
41:45 Arson
47:01 Scale Barding Armor
47:22 Light Cavalry
48:04 Husbandry
48:19 Bow Saw
48:26 Hussar
49:32 Hand Cart
49:41 Elite Skirmisher
50:27 Thumb Ring
51:18 Fletching
51:29 Padded Archer Armor
51:49 Chain Barding Armor
52:13 Bodkin Arrow
52:16 Murder Holes
52:02 Treadmill Crane
55:19 Onager
56:54 Elite Varangian Guard
57:39 Bracer
57:55 Leather Archer Armor
57:52 Logistica
58:57 Gambesons
Zac
1:58 Loom
12:00 Feudal Age
12:34 Horse Collar
12:42 Double-Bit Axe
17:31 Castle Age
16:04 Town Watch
19:52 Wheelbarrow
22:22 Bow Saw
22:06 Gold Mining
22:17 Heavy Plow
27:10 Hand Cart
31:25 Imperial Age
31:48 Ballistics
32:22 Town Patrol
32:23 Elite Ballista Elephant
34:05 Chemistry
33:41 Bloodlines
33:37 Husbandry
33:40 Padded Archer Armor
33:31 Fletching
34:30 Light Cavalry
35:21 Hussar
36:14 Bodkin Arrow
36:34 Leather Archer Armor
35:53 Elite Skirmisher
39:29 Onager
40:53 Leather Archer Armor
40:01 Pikeman
46:23 Caravan
48:49 Halberdier
60:43 Bracer
61:13 Ring Archer Armor
Connection lost

Rejoining the realm…

Still unreachable

The connection could not be restored.

Session expired

The server has moved on; the page needs a fresh start.